 Dungeon Crawl Stone Soup version 0.14-a0-181-gf6fe0c6 (webtiles) character file.

1544 PolkaDot the Grappler (level 8, -4/75 HPs)
             Began as a Troll Death Knight on Oct 6, 2013.
             Was an Elder of Yredelemnul.
             Slain by a gnoll
             ... wielding a +0,+0 flail
              (11 damage)
             ... on Level 5 of the Dungeon.
             The game lasted 00:13:34 (3270 turns).

PolkaDot the Grappler (Troll Death Knight)          Turns: 3270, Time: 00:13:34

HP  -4/75        AC  5     Str 22      XL: 8   Next: 32%
MP  19/19        EV  9     Int  7      God: Yredelemnul [****..]
Gold 235         SH  0     Dex 11      Spells:  0 memorised,  7 levels left

Res.Fire  : . . .   See Invis. : .     - Unarmed
Res.Cold  : . . .   Warding    : .   b - +0 robe
Life Prot.: . . .   Conserve   : .   (shield restricted)
Res.Poison: .       Res.Corr.  : .   (helmet restricted)
Res.Elec. : .       Clarity    : .   (no cloak)
Sust.Abil.: + .     Spirit.Shd : .   (gloves unavailable)
Res.Mut.  : .       Stasis     : .   (boots unavailable)
Res.Rott. : .       Flight     : .   y - amulet of faith
Gourmand  : +                        m - ring of magical power
                                     q - ring of sustain abilities {unknown}

@: about to teleport, slightly resistant to hostile enchantments, unstealthy
A: unfitting armour, claws 3, fast metabolism 3, gourmand, regeneration 2,
saprovore 2, tough skin 2, AC +1
a: Animate Dead, Recall Undead Slaves, Injury Mirror, Drain Life, Renounce
Religion


You were on level 5 of the Dungeon.
You worshipped Yredelemnul.
Yredelemnul was greatly pleased with you.
You were very full.

You visited 1 branch of the dungeon, and saw 5 of its levels.

You collected 215 gold pieces.

Inventory:

Armour
 b - a +0 robe (worn)
Magical devices
 r - a wand of draining (8)
Comestibles
 a - 2 meat rations
 g - 2 bread rations
 l - a sausage
 v - a cheese
 w - a pear
 x - a choko
Scrolls
 c - a scroll of identify {unknown}
 d - a scroll of random uselessness {unknown}
 e - a scroll of magic mapping {unknown}
 h - 2 scrolls of fear {unknown}
 k - 2 scrolls of remove curse
 s - a scroll of enchant weapon I {unknown}
 t - a scroll of recharging {unknown}
Jewellery
 m - a ring of magical power (right claw)
 q - a ring of sustain abilities (left claw) {unknown}
 y - an amulet of faith (around neck)


   Skills:
 + Level 3.9 Fighting
 - Level 1.2 Dodging
 * Level 8.4 Unarmed Combat
 + Level 4.5 Invocations


You had 7 spell levels left.
You didn't know any spells.

Dungeon Overview and Level Annotations

Branches:
Dungeon (5/27)
 Temple: D:4-7

Altars:
Fedhas
Nemelex Xobeh

Shops:
D:5 =


Innate Abilities, Weirdness & Mutations

You are too large for most types of armour.
You have claws for hands.
Your metabolism is lightning-fast.
You like to eat raw meat.
You heal very quickly.
You can eat rotten meat.
You are covered in fur (AC +1).
You have very tough skin (AC +2).


Message History

* * * LOW HITPOINT WARNING * * *
Your gnoll zombie misses the gnoll.
The gnoll hits you but does no damage.
Your gnoll zombie barely misses the gnoll.
You barely miss the gnoll. The gnoll closely misses you.
You aren't carrying any potions.
Read which item? (? for menu, Esc to quit)
As you read the scroll of teleportation, it crumbles to dust.
You feel strangely unstable.
The gnoll hits you from afar with a spear!
* * * LOW HITPOINT WARNING * * *
Your gnoll zombie hits the gnoll.
The gnoll dies!
Yredelemnul accepts your slave's kill.
You claw the gnoll!
The gnoll begins to bleed from its wounds!
The gnoll is heavily wounded.
The gnoll hits you with a flail!
You die...
Your body rises from the dead as a mindless zombie.

#################################
..P...................z......P...
....P................Pzz.........
≈≈≈≈≈≈≈≈≈≈≈≈≈≈≈≈≈≈≈≈≈≈≈≈≈≈≈≈≈≈≈≈.
≈≈≈≈≈≈≈≈≈≈≈≈≈≈≈≈≈≈≈≈≈≈≈≈≈≈≈z≈≈≈z.
≈≈≈≈≈≈≈≈≈≈≈≈≈≈≈≈≈≈≈≈≈≈≈≈≈#####≈≈.
.........................#gg.#≈≈.
##########################...#≈≈.
.'.....))[z.z..g@..^+ #'###≈≈.
.#########))######### #g#.≈≈≈.
.#.......))........ .#.≈≈≈. ##
......)........ #.≈≈≈.
............... #.≈≈≈.
............... #.≈≈≈.
######''##### #.≈≈≈. .... #.≈≈≈.
.... #.≈≈≈.


You could see a gnoll (bleeding), a friendly worm zombie and a friendly gnoll
zombie.

Vanquished Creatures
  Menkaure (D:4)
  A phantom (D:4)
  2 ogres (D:5)
  A sky beast (D:5)
  A centaur (D:3)
  4 gnoll shamans (D:5)
  2 worker ants
  A scorpion (D:5)
  2 orc wizards
  2 hound skeletons
  Terence (D:3)
  4 adders
  17 gnolls (D:5)
  2 worms
  An adder zombie (D:5)
  6 giant geckos
  3 oozes
  4 orcs
  9 bats
  9 giant cockroaches
  6 hobgoblins
  15 jackals
  A quokka (D:3)
  2 ball pythons (D:3)
  6 giant newts
  9 goblins
  5 kobolds
  28 rats
145 creatures vanquished.

Vanquished Creatures (collateral kills)
  A hill giant zombie (D:5)
  3 gnolls (D:5)
  A worm (D:5)
  An orc (D:5)
  A giant cockroach (D:5)
  A plant (D:5)
8 creatures vanquished.

Vanquished Creatures (others)
  A wight (D:5)
  2 giant cockroach zombies (D:5)
  5 gnoll zombies (D:5)
  A jackal zombie (D:5)
  An orc zombie (D:5)
  A rat zombie (D:5)
11 creatures vanquished.

Grand Total: 164 creatures vanquished

Notes
Turn   | Place    | Note
--------------------------------------------------------------
     0 | D:1      | PolkaDot, the Troll Death Knight, began the quest for the Orb.
     0 | D:1      | Reached XP level 1. HP: 20/20 MP: 2/2
   207 | D:1      | Reached XP level 2. HP: 28/28 MP: 2/2
   355 | D:1      | Reached skill level 3 in Unarmed Combat
   616 | D:2      | Reached XP level 3. HP: 26/35 MP: 4/4
   660 | D:2      | Acquired Yredelemnul's second power
  1067 | D:3      | Noticed Terence
  1067 | D:3      | Reached skill level 4 in Unarmed Combat
  1081 | D:3      | Killed Terence
  1309 | D:3      | Reached XP level 4. HP: 42/42 MP: 4/4
  1381 | D:3      | Found a sparkling altar of Nemelex Xobeh.
  1638 | D:3      | Noticed a centaur
  1648 | D:3      | Killed a centaur
  1648 | D:3      | Reached skill level 5 in Unarmed Combat
  1648 | D:3      | Reached XP level 5. HP: 19/49 MP: 5/5
  1788 | D:3      | Found a blossoming altar of Fedhas.
  1949 | D:4      | Noticed a phantom
  1958 | D:4      | Killed a phantom
  1958 | D:4      | Reached skill level 6 in Unarmed Combat
  1958 | D:4      | Reached XP level 6. HP: 56/58 MP: 6/6
  2129 | D:4      | Noticed Menkaure
  2133 | D:4      | Killed Menkaure
  2141 | D:4      | Acquired Yredelemnul's third power
  2667 | D:5      | Entered Level 5 of the Dungeon
  2682 | D:5      | Reached XP level 7. HP: 48/66 MP: 7/7
  2708 | D:5      | Reached skill level 7 in Unarmed Combat
  2731 | D:5      | Found Smuacvua's Jewellery Shop.
  2739 | D:5      | Noticed a hill giant zombie
  2755 | D:5      | Killed a hill giant zombie
  2863 | D:5      | Acquired Yredelemnul's fourth power
  3143 | D:5      | Reached XP level 8. HP: 53/75 MP: 9/9
  3164 | D:5      | Reached skill level 8 in Unarmed Combat
  3164 | D:5      | Received a gift from Yredelemnul
  3270 | D:5      | Slain by a gnoll

Action                   |  1- 3 |  4- 6 |  7- 9 || total
-------------------------+-------+-------+-------++-------
Melee: Unarmed           |   120 |   140 |   159 ||   419
Invok: Animate Dead      |       |       |     8 ||     8
Evoke: Wand              |       |     1 |       ||     1
  Use: Potion            |       |     1 |     8 ||     9
       Scroll            |       |     2 |     1 ||     3
 Stab: Sleeping          |       |     1 |       ||     1
